 Dungeon Crawl Stone Soup version 0.28.0-43-g3370ac3207 (webtiles) character file.

Game seed: 7699342519608181570

66 jjjjhere the Chopper (level 4, 0/41 HPs)
             Began as a Hill Orc Cinder Acolyte on Mar 5, 2022.
             Was a High Priest of Ignis.
             Slain by a white imp (4 damage)
             ... on level 3 of the Dungeon.
             The game lasted 00:02:12 (2110 turns).

jjjjhere the Chopper (Hill Orc Cinder Acolyte)      Turns: 2110, Time: 00:02:12

Health: 0/41       AC: 10    Str: 16    XL:     4   Next: 15%
Magic:  5/5        EV:  4    Int: 14    God:    Ignis [*****.]
Gold:   95         SH:  0    Dex:  8    Spells: 5/5 levels left

rFire   + . .      SeeInvis .   a - -1 hand axe (flame)
rCold   . . .      Faith    .   (no shield)
rNeg    . . .      Spirit   .   j - +0 plate armour
rPois   .          Reflect  .   (no helmet)
rElec   .          Harm     .   (no cloak)
rCorr   .          Rampage  .   (no gloves)
Will    .....                   (no boots)
Stlth   ..........              (no amulet)
HPRegen 0.13/turn               (no ring)
MPRegen 0.09/turn               (no ring)

@: no status effects
A: no striking features
a: Renounce Religion, Fiery Armour, Foxfire Swarm, Rising Flame


You were on level 3 of the Dungeon.
You worshipped Ignis.
Ignis was extremely pleased with you.
You visited 1 branch of the dungeon, and saw 3 of its levels.

You collected 95 gold pieces.

Inventory:

Hand Weapons
 a - a -1 hand axe of flaming (weapon)
Missiles
 n - 5 boomerangs (quivered)
Armour
 b - a +0 robe
 h - a +0 ring mail
 j - a +0 plate armour (worn)
Scrolls
 e - 3 scrolls of identify {unknown}
 g - a scroll of enchant armour {unknown}
 i - a scroll of teleportation {unknown}
 k - a scroll of immolation {unknown}
 l - 2 scrolls of fog {unknown}
 m - 3 scrolls of enchant weapon {unknown}
 o - a scroll of torment {unknown}
Potions
 c - a potion of attraction {unknown}
 d - a potion of curing {unknown}
 f - a potion of brilliance {unknown}


   Skills:
 + Level 4.3 Fighting
 * Level 5.9 Axes
 - Level 1.0 Spellcasting
 - Level 3.2 Fire Magic


You had 5 spell levels left.
You didn't know any spells.
Your spell library contained the following spells:

 Spells                   Type           Power      Damage    Failure   Level
 Slow                     Hex            0%         N/A       100%        1
 Scorch                   Fire           18%        2d5       100%        2
 Confusing Touch          Hex            0%         N/A       100%        3
 Vampiric Draining        Necr           0%         2d6       100%        3


Dungeon Overview and Level Annotations

Branches:
Dungeon (3/15)

Altars:

Shops:
D:2 :*


Message History

The white imp is heavily wounded.
The white imp gestures at you. The puff of frost hits you.
You closely miss the white imp.
The white imp is heavily wounded.
The white imp barely misses you.
You closely miss the white imp.
The white imp is heavily wounded.
The white imp gestures at you. The puff of frost hits you!
You closely miss the white imp.
The white imp is heavily wounded.
The white imp hits you but does no damage.
You barely miss the white imp.
The white imp is heavily wounded.
The white imp puffs mist at you.
The white imp hits you but does no damage.
You closely miss the white imp.
The white imp is heavily wounded.
The white imp hits you but does no damage.
You barely miss the white imp.
The white imp is heavily wounded.
The white imp barely misses you.
You closely miss the white imp.
The white imp is heavily wounded.
The white imp hits you. The white imp freezes you.
You closely miss the white imp.
The white imp is heavily wounded.
The white imp gestures at you. The puff of frost hits you!
* * * LOW HITPOINT WARNING * * *
You hit the white imp. You burn the white imp.
The white imp is severely wounded.
The white imp hits you but does no damage.
You completely miss the white imp.
The white imp is severely wounded.
The white imp hits you.
* * * LOW HITPOINT WARNING * * *
The white imp freezes you.
You die...

### .. .# #
# ###5# ...
#..#.@.#...#
#....<...#
#......####
#......?
...#.^####
.. ##. . #.
#.. #.


You could see a white imp.

Vanquished Creatures
  3 adders (D:2)
  A worm (D:2)
  A dart slug (D:1)
  2 endoplasms
  A giant cockroach (D:1)
  2 hobgoblins (D:2)
  4 jackals (D:1)
  3 quokkas
  4 bats
  3 frilled lizards
  A goblin (D:1)
  6 kobolds
  2 rats (D:1)
33 creatures vanquished.

Notes
Turn   | Place    | Note
-------+----------+-------------------------------------------
     0 | D:1      | jjjjhere the Hill Orc Cinder Acolyte began the quest for
                  | the Orb.
     0 | D:1      | Reached XP level 1. HP: 19/19 MP: 2/2
   315 | D:1      | Reached XP level 2. HP: 27/27 MP: 3/3
   655 | D:1      | Reached skill level 5 in Axes
   993 | D:2      | Reached XP level 3. HP: 31/33 MP: 4/4
  1010 | D:2      | Found a faded altar of an unknown god.
  1192 | D:2      | Found Ququxz Oteyj's Assorted Antiques.
  1259 | D:2      | Found Zamnorye's Book Emporium.
  1917 | D:3      | Noticed a sky beast
  1932 | D:2      | Reached XP level 4. HP: 25/41 MP: 5/5
  2108 | D:3      | HP: 5/41 [white imp/puff of frost (10)]
  2110 | D:3      | Slain by a white imp

Illustrated notes

Levels and vault maps discovered:
D:1:      heliophobic_arrival_battle_scene, layout_loops_ring,
          hangedman_abyss_or_decor_lesser_grid
D:2:      layout_basic, serial_shops, nicolae_square_shop, shop_statue,
          chequers_ecumenical_altar_simple_redux
D:3:      layout_rooms, serial_shops, shop, minmay_snake_closets

Skill      XL: |  1  2 |
---------------+-------+-----
Fighting       | 4 |  4.3
Axes           | 5 |  5.9
Spellcasting   | |  1.0
Fire Magic     | |  3.2

Action                   |  1- 3 |  4- 6 || total
-------------------------+-------+-------++-------
Melee: Hand axe          |   119 |    19 ||   138
       Punch             |     2 |       ||     2
Armor: Robe              |     5 |       ||     5
       Plate armour      |    57 |     6 ||    63
       Ring mail         |     9 |       ||     9
Dodge: Dodged            |    35 |     5 ||    40
